 Dungeon Crawl Stone Soup version 0.30.0-10-gfe55d96785 (webtiles) character file.

Game seed: 7576587474714243651

391 SnakkuSnakku7 the Trooper (level 6, -4/56 HPs)
             Began as an Armataur Summoner on May 14, 2023.
             Was a Follower of Ru.
             Slain by an ogre
             ... wielding a +0 giant club
              (19 damage)
             ... on level 5 of the Dungeon.
             The game lasted 00:05:25 (3587 turns).

SnakkuSnakku7 the Trooper (Armataur Summoner)       Turns: 3587, Time: 00:05:26

Health: -4/56      AC: 11    Str: 15    XL:     6   Next: 50%
Magic:  8/8        EV:  2    Int: 16    God:    Ru [*.....]
Gold:   159        SH:  0    Dex: 10    Spells: 7/8 levels left

rFire   . . .        x - +0 trident
rCold   . . .        (no shield)
rNeg    . . .        k - +0 plate armour
rPois   .            p - +0 helmet
rElec   .            e - +0 cloak
rCorr   .            g - +0 pair of gloves
SInv    .            (no barding)
Will    .....        (no amulet) Stlth
                     (no ring)
HPRegen 0.29/turn    (no ring)
MPRegen 0.11/turn

%: roll
@: no status effects
A: large, rugged brown scales 3, deformed body, hated by all, armoured tail,
roll, long tongue, awkward tongue
a: Renounce Religion, Sacrifice Resistance, Sacrifice Health, Sacrifice
Durability, Reject Sacrifices


You were on level 5 of the Dungeon.
You worshipped Ru.
Ru was aware of your devotion.
You visited 1 branch of the dungeon, and saw 5 of its levels.

You collected 159 gold pieces.

Inventory:

Hand Weapons
 c - a +0 dagger
 f - a +0 whip
 x - a +0 trident (weapon)
 A - a +0 hand axe
Missiles
 m - 3 poisoned darts (quivered)
Armour
 a - a +0 robe
 e - a +0 cloak (worn)
 g - a +0 pair of gloves (worn)
 k - a +0 plate armour (worn)
 n - a +0 ring mail
 p - a +0 helmet (worn)
Jewellery
 i - a ring of see invisible
 F - a ring of poison resistance
 G - a ring of positive energy
Wands
 B - a wand of paralysis (9)
Scrolls
 o - a scroll of enchant armour {unknown}
 q - a scroll of enchant weapon {unknown}
 r - 4 scrolls of fog {unknown}
 t - a scroll of amnesia {unknown}
 y - a scroll of vulnerability {unknown}
 C - a scroll of poison {unknown}
 D - a scroll of blinking {unknown}
 E - a scroll of magic mapping {unknown}
Potions
 b - 2 potions of magic
 d - 5 potions of curing {unknown}
 h - 2 potions of invisibility {unknown}
 j - 3 potions of heal wounds {unknown}
 l - 2 potions of attraction {unknown}
 s - 2 potions of lignification
 u - a potion of might
 v - a potion of ambrosia
 w - 2 potions of brilliance
 z - a potion of mutation {unknown}


   Skills:
 + Level 4.6 Fighting
 + Level 3.6 Throwing
 - Level 1.3 Dodging
 - Level 2.1 Stealth
 - Level 1.7 Spellcasting


You had 7 spell levels left.
You knew the following spells:

 Your Spells              Type           Power      Damage    Failure   Level
a - Summon Small Mammal   Summ           4%         N/A       100%        1

Your spell library contained the following spells:

 Spells                   Type           Power      Damage    Failure   Level
 Freeze                   Ice            4%         1d3       100%        1
 Frozen Ramparts          Ice            2%         1d1       100%        3
 Gell's Gravitas          Tloc           1%         N/A       100%        3
 Hailstorm                Conj/Ice       1%         3d3       100%        3
 Teleport Other           Tloc           1%         N/A       100%        3
 Dispersal                Tloc           0%         N/A       100%        6
 Call Imp                 Summ           Unusable   N/A       N/A         2
 Call Canine Familiar     Summ           Unusable   N/A       N/A         3
 Summon Guardian Golem    Hex/Summ       Unusable   N/A       N/A         3
 Summon Lightning Spire   Summ/Air       Unusable   N/A       N/A         4

Dungeon Overview and Level Annotations

Branches:
Dungeon (5/15)             Temple (0/1) D:4

Altars:
Dithmenos
Elyvilon
Nemelex Xobeh
Qazlal
Ru
Uskayaw

Shops:
D:1 =


Innate Abilities, Weirdness & Mutations

You are completely covered in rugged brown scales. (AC +3, +7% HP)
Armour fits poorly on your strangely shaped body.
You are hated by all.
You have a long armoured tail.
You roll when moving toward enemies. (Rampage)
Your long tongue fully drains potion bottles. (2x potion effects)
Your tongue gives you trouble enunciating. (1.5x scroll delay)


Message History

Found a stone staircase leading down.
There is a stone staircase leading down here.
Found an escape hatch in the ceiling.
An ogre comes into view. It is wielding a +0 giant club.
The ogre shouts!
You roll towards the ogre!
Throw: 5 darts (poison)
Press: ? - help, Q - select action, (/) - cycle Shift-Dir - straight line, f - ogre
Aim: an ogre, wielding a +0 giant club (74% to hit)
You throw a poisoned dart. The poisoned dart hits the ogre.
The ogre is poisoned.
Unknown command.
Throw: 4 darts (poison)
Press: ? - help, Q - select action, (/) - cycle Shift-Dir - straight line, f/p - ogre
Aim: an ogre, wielding a +0 giant club (poisoned, 74% to hit)
You throw a poisoned dart. The poisoned dart hits the ogre.
The ogre looks even sicker.
Unknown command.
Throw: 3 darts (poison)
Press: ? - help, Q - select action, (/) - cycle Shift-Dir - straight line, f/p - ogre
Aim: an ogre, wielding a +0 giant club (very poisoned, 74% to hit)
Okay, then.
You reach to attack!
You puncture the ogre!
The ogre is moderately wounded.
The ogre hits you with a +0 giant club!!
You completely miss the ogre.
The ogre is moderately wounded.
You puncture the ogre! You tail-slap the ogre.
The ogre is severely wounded.
The ogre hits you with a +0 giant club!!
* * * LOW HITPOINT WARNING * * *
You are too injured to fight recklessly!
Okay, then.
Okay, then.
Aiming: Paralyse
Press: ? - help, Shift-Dir - straight line, f/p - ogre
Aim: an ogre, wielding a +0 giant club (severely wounded, poisoned, chance to affect: 49%)
The ogre resists with some effort.
The ogre hits you with a +0 giant club!!
You die...

#.# ######.####.###.##
#.# ##..>...##.......##
#.# ##...###.##.........
#.###.....##.##.########
#............##.
#####.....#####. ##...##
# ##.## #@# #O# #.# #.#
#.# #(# #.# . #.# ..##
#.# ....


You could see an ogre (poisoned).

Vanquished Creatures
  2 scorpions
  Ijyb (D:4)
  An iguana (D:5)
  An orc wizard (D:5)
  Robin (D:2)
  3 gnolls (D:4)
  5 adders
  An ufetubus (D:5)
  3 worms
  8 orcs
  7 bats
  5 endoplasms
  2 giant cockroaches
  11 hobgoblins
  2 quokkas
  11 ball pythons
  2 frilled lizards
  18 goblins
  7 kobolds
  4 rats
95 creatures vanquished.

Vanquished Creatures (collateral kills)
  A goblin (D:1)
  A rat (D:1)
2 creatures vanquished.

Grand Total: 97 creatures vanquished

Notes
Turn   | Place    | Note
-------+----------+-------------------------------------------
     0 | D:1      | SnakkuSnakku7 the Armataur Summoner began the quest for the
                  | Orb.
     0 | D:1      | Reached XP level 1. HP: 14/14 MP: 3/3
    88 | D:1      | Reached skill level 1 in Fighting
   136 | D:1      | Found Zeulor's Jewellery Shop.
   193 | D:1      | Reached XP level 2. HP: 24/24 MP: 4/4
   315 | D:1      | Reached skill level 2 in Fighting
   448 | D:1      | Reached XP level 3. HP: 32/32 MP: 5/5
  1130 | D:2      | Identified the +4 sling "Gewunoar" {flame, Fly rPois rF+}
  1318 | D:2      | Reached skill level 1 in Throwing
  1320 | D:2      | Noticed Robin
  1331 | D:2      | Reached skill level 3 in Fighting
  1337 | D:2      | Reached XP level 4. HP: 26/40 MP: 6/6
  1374 | D:2      | Killed Robin
  1402 | D:2      | Found a faded altar of an unknown god.
  1445 | D:2      | Prayed at the altar of an unknown god.
  1445 | D:2      | Became a worshipper of Ru the Awakened
  1465 | D:2      | Gained mutation: You are hated by all. [Ru sacrifice]
  1465 | D:2      | Reached * piety under Ru
  1976 | D:3      | Found a shadowy altar of Dithmenos.
  2070 | D:3      | Found a hide-covered altar of Uskayaw.
  2074 | D:3      | Found a sparkling altar of Nemelex Xobeh.
  2077 | D:3      | Found a stormy altar of Qazlal.
  2078 | D:3      | Found a white marble altar of Elyvilon.
  2342 | D:4      | Found a staircase to the Ecumenical Temple.
  2579 | D:4      | Noticed a scorpion
  2589 | D:4      | Killed a scorpion
  2590 | D:4      | Reached XP level 5. HP: 49/49 MP: 7/7
  2775 | D:4      | Noticed Ijyb
  2778 | D:4      | Paralysed by Ijyb for 4 turns
  2785 | D:4      | Killed Ijyb
  2904 | D:4      | Reached skill level 4 in Fighting
  3315 | D:5      | Entered Level 5 of the Dungeon
  3344 | D:5      | Reached XP level 6. HP: 45/55 MP: 8/8
  3587 | D:5      | Slain by an ogre

Illustrated notes

Levels and vault maps discovered:
D:1:      ebering_trefoil_3fold, layout_basic, serial_shops,
          nicolae_shop_rolling_square
D:2:      layout_rooms, shapermc_ecumenical_altar_mp_urbaneastern,
          mrwooster_statue_mirror, minmay_misc_feat_four_crosses, uniq_robin
D:3:      layout_basic, nicolae_overflow_hallway_of_the_gods
D:4:      layout_layer_cave, minmay_temple_entry_mist, minivault_11,
          kennysheep_generic_room_4, uniq_ijyb
D:5:      layout_loops_ring, minmay_manual_maat

Skill      XL: |  1  2  3  4  5 |
---------------+----------------+-----
Fighting       | 1 2 3 4 |  4.6
Throwing       | 1 2 3 |  3.6
Summonings     | 0 |  0.0
Dodging        | |  1.3
Stealth        | |  2.1
Spellcasting   | |  1.7

Action                     |  1- 3 |  4- 6 || total
---------------------------+-------+-------++-------
  Melee: Whip              |   169 |    87 ||   256
         Unarmed           |     9 |       ||     9
         Dagger            |     3 |       ||     3
         Tailslap          |    19 |    18 ||    37
         Punch             |     1 |     2 ||     3
         Trident           |       |    98 ||    98
  Throw: Dart              |     1 |    12 ||    13
   Cast: Summon Small Mamm |     4 |       ||     4
 Invoke: Sacrifice Love    |       |     1 ||     1
  Evoke: Wand              |       |     1 ||     1
    Use: Scroll            |       |     5 ||     5
   Stab: Sleeping          |     3 |       ||     3
         Distracted        |     1 |       ||     1
 Armour: Robe              |    30 |       ||    30
         Ring mail         |    68 |    65 ||   133
         Plate armour      |       |    39 ||    39
  Dodge: Dodged            |    84 |    58 ||   142
